 Dungeon Crawl Stone Soup version 0.30.0-10-gfe55d96785 (webtiles) character file.

Game seed: 9432710481246739655

457 qeuew the Covered (level 6, -2/56 HPs)
             Began as a Minotaur Fighter on May 15, 2023.
             Was a Believer of Dithmenos.
             Killed from afar by an orc wizard (3 damage)
             ... with a puff of flame
             ... on level 4 of the Dungeon.
             The game lasted 00:03:38 (2413 turns).

qeuew the Covered (Minotaur Fighter)                Turns: 2413, Time: 00:03:38

Health: -2/56      AC:  8    Str: 21    XL:     6   Next: 77%
Magic:  5/5        EV: 10    Int:  5    God:    Dithmenos [**....]
Gold:   229        SH:  5    Dex: 11    Spells: 5/5 levels left

rFire   . . .        a - +1 war axe
rCold   . . .        c - +0 buckler
rNeg    . . .        b - +1 scale mail
rPois   .            (helmet restricted)
rElec   .            (no cloak)
rCorr   .            (no gloves)
SInv    .            (no boots)
Will    .....        (no amulet) Stlth
                     (no ring)
HPRegen 0.29/turn    (no ring)
MPRegen 0.09/turn

%: no passive effects
@: wreathed by umbra, invisible
A: horns 2, retaliatory headbutt
a: Renounce Religion, Shadow Step


You were on level 4 of the Dungeon.
You worshipped Dithmenos.
Dithmenos was pleased with you.
You visited 1 branch of the dungeon, and saw 4 of its levels.
You also visited: Sewer.

You collected 229 gold pieces.

Inventory:

Hand Weapons
 a - a +1 war axe (weapon)
Armour
 b - a +1 scale mail (worn)
 c - a +0 buckler (worn)
Scrolls
 e - a scroll of enchant weapon
 f - 4 scrolls of teleportation
 g - 4 scrolls of poison
 k - 2 scrolls of fear
 m - 4 scrolls of identify
 o - a scroll of enchant armour
Potions
 d - a potion of might
 h - a potion of magic
 i - a potion of curing
 l - 2 potions of resistance


   Skills:
 + Level 5.1 Fighting
 + Level 4.1 Axes
 * Level 6.1 Armour
 + Level 2.6 Dodging
 + Level 5.0 Shields


You had 5 spell levels left.
You didn't know any spells.
Your spell library contained the following spells:

 Spells                   Type           Power      Damage    Failure   Level
 Beastly Appendage        Tmut           0%         N/A       86%         1
 Shock                    Conj/Air       0%         1d3       86%         1
 Wereblood                Tmut           0%         N/A       94%         2
 Call Canine Familiar     Summ           0%         N/A       99%         3
 Spider Form              Tmut/Pois      0%         N/A       99%         3
 Swiftness                Air            0%         N/A       99%         3
 Airstrike                Air            0%         2d(0-16)  100%        4
 Animate Dead             Necr           0%         N/A       100%        4
 Summon Ice Beast         Ice/Summ       0%         N/A       100%        4
 Borgnjor's Vile Clutch   Necr/Erth      0%         N/A       100%        5
 Death Channel            Necr           0%         N/A       100%        6
 Dragon's Call            Summ           0%         N/A       100%        9


Dungeon Overview and Level Annotations

Branches:
Dungeon (4/15)              Sewer (visited)
 Temple: D:4-7

Altars:
Dithmenos
Elyvilon
Fedhas
Qazlal

Shops:
D:2 (!=*


Innate Abilities, Weirdness & Mutations

You have a pair of horns on your head.
You reflexively headbutt those who attack you in melee.


Message History

* * * LOW HITPOINT WARNING * * *
The orc barely misses you. Something hits you but does no damage.
Unknown command.
You slash the iguana!
You kill the iguana!
Dithmenos accepts your kill.
You hit the orc.
You kill the orc!
Dithmenos accepts your kill.
You miss something. Something hits you but does no damage.
Your Shields skill increases to level 5!
You hit the orc priest.
The orc priest is heavily wounded.
You hit something. The orc priest closely misses you.
Something hits you but does no damage. You block something's attack.
The orc priest closely misses you.
Unknown command.
You hit the orc priest but do no damage.
The orc priest is heavily wounded.
You barely miss something.
The orc priest hits you but does no damage.
Something hits you but does no damage.
Unknown command.
You hit the orc priest but do no damage.
The orc priest is heavily wounded.
You hit something. The orc priest barely misses you. Something hits you.
* * * LOW HITPOINT WARNING * * *
Unknown command.
You closely miss the orc priest.
You headbutt the orc priest, but do no damage.
The orc priest is moderately wounded.
You miss something. The orc priest barely misses you.
You hear some strange, mumbled words.
A magic dart appears from out of thin air!
The magic dart hits you.
* * * LOW HITPOINT WARNING * * *
You hear some strange, mumbled words.
A puff of flame appears from out of thin air!
The puff of flame hits you.
You die...

..## ...###
....... .....##
##.......
......##
#........
.......#
#........
.####..##
#........ ##
##..### #........
###..######.)...#
##.......@o.#
##....###{...#
###### ###....
###


You could see an orc priest (unable to see you).

Vanquished Creatures
  2 bullfrogs (Sewer)
  An iguana (D:4)
  Terence (D:2)
  13 adders
  6 river rats
  3 worms (D:2)
  3 dart slugs
  6 orcs
  14 ball pythons
  4 endoplasms
  4 giant cockroaches
  6 goblins
  4 hobgoblins
  4 jackals (D:2)
  A quokka (D:1)
  A bat (D:2)
  7 frilled lizards
  4 kobolds
  19 rats
103 creatures vanquished.

Notes
Turn   | Place    | Note
-------+----------+-------------------------------------------
     0 | D:1      | qeuew the Minotaur Fighter began the quest for the Orb.
     0 | D:1      | Reached XP level 1. HP: 19/19 MP: 0/0
   121 | D:1      | Reached XP level 2. HP: 27/27 MP: 1/1
   230 | D:1      | Found a faded altar of an unknown god.
   638 | D:2      | Reached skill level 4 in Armour
   640 | D:2      | Reached XP level 3. HP: 29/33 MP: 2/2
   643 | D:2      | Reached skill level 1 in Dodging
   707 | D:2      | Found Zycif's Weapon Shoppe.
   742 | D:2      | Found Axkinupp's Distillery.
   780 | D:2      | Found Effyuts's Jewellery Boutique.
   785 | D:2      | Noticed Terence
   794 | D:2      | Reached XP level 4. HP: 37/40 MP: 3/3
   805 | D:2      | Killed Terence
  1064 | D:2      | Found Enuitimn's General Store.
  1075 | D:2      | Found a blossoming altar of Fedhas.
  1247 | D:3      | Found a shadowy altar of Dithmenos.
  1250 | D:3      | Reached skill level 5 in Armour
  1258 | D:3      | Became a worshipper of Dithmenos the Shadowed
  1310 | D:3      | Found a white marble altar of Elyvilon.
  1341 | D:3      | Found a stormy altar of Qazlal.
  1377 | D:3      | Found a glowing drain.
  1393 | D:3      | Reached XP level 5. HP: 42/47 MP: 4/4
  1416 | Sewer    | Entered a sewer
  1463 | Sewer    | Reached * piety under Dithmenos
  1721 | Sewer    | Reached XP level 6. HP: 41/53 MP: 5/5
  1725 | Sewer    | Reached skill level 5 in Fighting
  1725 | Sewer    | Reached skill level 6 in Armour
  2153 | D:3      | Reached ** piety under Dithmenos
  2333 | D:4      | Got Odwyemolue's Atlas of United Shapes
  2410 | D:4      | Reached skill level 5 in Shields
  2413 | D:4      | HP: 1/56 [something/magic dart (6)]
  2413 | D:4      | Killed from afar by an orc wizard

Illustrated notes

Levels and vault maps discovered:
D:1:      lightli_arrival_chessboard, layout_rooms,
          nicolae_ecumenical_lake_church
D:2:      layout_rooms, basic_altar, serial_shops,
          nicolae_shop_bloodbath_and_beyond, nicolae_shop_behind_doors, shop,
          nicolae_square_shop, chequers_arboretum,
          nicolae_elevator_lobby_asterisk, uniq_terence
D:3:      layout_basic, mainiacjoe_overflow_two_lobes,
          nicolae_dithmenos_the_darkroom, portal_sewer_entry_c
D:4:      layout_layer_cave, okawaru_ov_weapons_minmay,
          minmay_temple_entry_trees, minmay_shop_grid_forest,
          serial_bayou_pond_e

Skill      XL: |  1  2  3  4  5  6 |
---------------+-------------------+-----
Armour         | 4 5 6 |  6.1
Fighting       | 4 5 |  5.1
Dodging        | 1 2 |  2.6
Shields        | 4 5 |  5.0
Axes           | 3 4 |  4.1

Action                     |  1- 3 |  4- 6 || total
---------------------------+-------+-------++-------
  Melee: War axe           |    51 |   139 ||   190
         Headbutt          |     8 |    21 ||    29
    Use: Scroll            |     5 |     8 ||    13
         Potion            |       |     4 ||     4
 Armour: Scale mail        |    40 |    95 ||   135
  Dodge: Dodged            |    28 |    80 ||   108
  Block: Buckler           |    13 |    40 ||    53
